 Dungeon Crawl Stone Soup version 0.29-a0-515-g7c1fb6cc08 (webtiles) character file.

Game seed: 12838588208816147046

739 Impy the Skirmisher (level 7, -2/76 HPs)
             Began as an Ogre Hunter on May 30, 2022.
             Slain by a hornet (7 damage)
             ... on level 5 of the Dungeon.
             The game lasted 00:09:04 (4081 turns).

Impy the Skirmisher (Ogre Hunter)                   Turns: 4081, Time: 00:09:05

Health: -2/76      AC:  3    Str: 16    XL:     7   Next: 75%
Magic:  7/7        EV: 11    Int: 10    God:
Gold:   156        SH:  0    Dex: 12    Spells: 6/6 levels left

rFire   . . .      SeeInvis .   a - +6 shortbow
rCold   . . .      Faith    .   (shield currently unavailable)
rNeg    + . .      Spirit   .   b - +0 robe
rPois   +          Reflect  .   (helmet restricted)
rElec   .          Harm     .   (no cloak)
rCorr   +          Rampage  .   (gloves unavailable)
Will    .....                   (boots unavailable)
Stlth   +.........              (no amulet)
HPRegen 0.22/turn               g - ring "Otoal" {rPois rN+ rCorr Dex-4}
MPRegen 0.10/turn               (no ring)

@: slowed, very slow
A: large, unfitting armour, tough skin 1, agile 1
a: no special abilities


You were on level 5 of the Dungeon.
You visited 1 branch of the dungeon, and saw 5 of its levels.

You collected 156 gold pieces.

Inventory:

Hand Weapons
 a - a +6 shortbow (weapon)
Armour
 b - a +0 robe (worn)
 h - a +0 kite shield
Jewellery
 g - the ring "Otoal" (left hand) {rPois rN+ rCorr Dex-4}
   (You found it on level 4 of the Dungeon)

   [ring of poison resistance]

   Dex:       It affects your dexterity (-4).
   rPois:     It protects you from poison.
   rN:        It protects you from negative energy.
   rCorr:     It protects you from acid and corrosion.
Wands
 c - a wand of polymorph (3)
 e - a wand of flame (24)
Scrolls
 d - 5 scrolls of identify


   Skills:
 + Level 6.9 Fighting
 + Level 4.6 Bows
 + Level 4.6 Dodging
 - Level 0.6 Stealth


You had 6 spell levels left.
You didn't know any spells.
Your spell library contained the following spells:

 Spells                   Type           Power      Damage    Failure   Level
 Stone Arrow              Conj/Erth      0%         3d7       75%         3
 Animate Armour           Summ/Erth      0%         N/A       98%         4
 Lehudib's Crystal Spear  Conj/Erth      0%         10d2      100%        8


Dungeon Overview and Level Annotations

Branches:
Dungeon (5/15)
 Temple: D:4-7

Altars:


Innate Abilities, Weirdness & Mutations

You are too large for most types of armour.
You have tough skin. (AC +1)
You are agile. (Dex +2)


Message History

The black bear bites you. The black bear claws you. The black bear misses you.
Shoot: a) +6 shortbow
Press: ? - help, Shift-Dir - straight line, f/p - black bear
Aim: a black bear (75% to hit)
Unknown command.
Aiming: Polymorph
Press: ? - help, Shift-Dir - straight line, f/p - black bear
Aim: a black bear (will become a human, a hornet, or a golden eye, chance to affect: 49%)
The black bear evaporates and reforms as a hornet!
The hornet barely misses you.
As you read the scroll of fear, it crumbles to dust.
You assume a fearsome visage.
The hornet looks frightened!
You are too injured to fight recklessly!
Shoot: a) +6 shortbow
Press: ? - help, Shift-Dir - straight line, f/p - hornet
Aim: a hornet (fleeing, 58% to hit)
You shoot an arrow.
The arrow hits the hornet but does no damage.
Your attack snaps the hornet out of its fear.
The hornet stings you!
You feel yourself slow down.
Shoot: a) +6 shortbow
Press: ? - help, Shift-Dir - straight line, f/p - hornet
Aim: a hornet (58% to hit)
You shoot an arrow. The arrow hits the hornet!
The hornet is moderately wounded.
The hornet stings you.
* * * LOW HITPOINT WARNING * * *
You feel as though you will be slow longer.
The hornet stings you.
* * * LOW HITPOINT WARNING * * *
The hornet closely misses you.
Shoot: a) +6 shortbow
Press: ? - help, Shift-Dir - straight line, f/p - hornet
Aim: a hornet (moderately wounded, 58% to hit)
You shoot an arrow. The arrow hits the hornet.
The hornet is moderately wounded.
The hornet barely misses you. The hornet stings you!
* * * LOW HITPOINT WARNING * * *
The hornet stings you!
You die...

#. #.# #.# .# #.# .# #.# ..#
#.####.# ..# .......####..#
#.@.....# #.#.####y###...#
#.........)....#######.###
#.#.###..###...#..........
......# ...#..........
..........).........#...
.........................
...#..........###h.##.#.#.#....
...$.......... ......#.#.#.##.


You could see a hornet.

Vanquished Creatures
  Duvessa (D:4)
  A centaur (D:5)
  A bullfrog (D:4)
  A scorpion (D:5)
  Dowan (D:4)
  3 hounds
  A jelly (D:4)
  2 orc priests (D:3)
  A gnoll shaman (D:5)
  An orc wizard (D:5)
  Robin (D:2)
  An adder (D:4)
  3 gnolls (D:5)
  2 river rats (D:3)
  4 dart slugs
  A worm (D:3)
  8 orcs
  6 ball pythons
  4 bats
  3 endoplasms
  4 giant cockroaches
  9 goblins
  9 hobgoblins
  3 quokkas (D:1)
  2 frilled lizards (D:1)
  3 kobolds
  9 rats
  A bush (D:5)
86 creatures vanquished.

Notes
Turn   | Place    | Note
-------+----------+-------------------------------------------
     0 | D:1      | Impy the Ogre Hunter began the quest for the Orb.
     0 | D:1      | Reached XP level 1. HP: 22/22 MP: 1/1
   259 | D:1      | Reached skill level 3 in Fighting
   260 | D:1      | Reached XP level 2. HP: 31/31 MP: 2/2
   501 | D:1      | Reached XP level 3. HP: 31/37 MP: 3/3
   777 | D:2      | Noticed Robin
   796 | D:2      | Killed Robin
  1010 | D:2      | Found a faded altar of an unknown god.
  1363 | D:2      | Reached XP level 4. HP: 48/48 MP: 4/4
  1427 | D:3      | Reached skill level 4 in Fighting
  1431 | D:3      | Reached XP level 5. HP: 27/55 MP: 5/5
  2582 | D:4      | Reached skill level 5 in Fighting
  2806 | D:4      | Reached XP level 6. HP: 63/66 MP: 6/6
  2841 | D:4      | Identified the ring "Otoal" {rPois rN+ rCorr Dex-4}
  2977 | D:4      | Noticed Duvessa
  2977 | D:4      | Noticed Dowan
  2979 | D:4      | Killed Duvessa
  2979 | D:4      | Killed Dowan
  3077 | D:4      | Identified the +7 hunting sling of Resa {vorpal, rPois rC-
                  | Int-3 Dex+7}
  3109 | D:4      | Reached XP level 7. HP: 73/74 MP: 7/7
  3153 | D:4      | Reached skill level 6 in Fighting
  3286 | D:5      | Entered Level 5 of the Dungeon
  3843 | D:5      | Gained mutation: You are agile. (Dex +2) [potion of
                  | mutation]
  4077 | D:5      | Noticed a hornet
  4077 | D:5      | a black bear changed into a hornet
  4081 | D:5      | Slain by a hornet

Illustrated notes

Levels and vault maps discovered:
D:1:      onia_arrival_mini_maze, layout_basic, minmay_cupped
D:2:      layout_basic, basic_ecumenical_altar, chequers_serial_rivers_micro_c,
          chequers_garden, uniq_robin
D:3:      layout_loops_corners, portal_sewer_entry_b
D:4:      layout_loops_cross, uniq_duvessa
D:5:      layout_basic, grunt_ministairs_6, kb_lookout_dungeons_type,
          uniq_eustachio

Skill      XL: |  1  2  3  4  5  6  7 |
---------------+----------------------+-----
Bows           | 3 4 |  4.6
Fighting       | 3 4 5 6 |  6.9
Dodging        | 2 3 4 |  4.6
Stealth        | |  0.6

Action                   |  1- 3 |  4- 6 |  7- 9 || total
-------------------------+-------+-------+-------++-------
Melee: Shortbow          |       |       |    19 ||    19
 Fire: Shortbow          |    94 |    86 |   115 ||   295
Evoke: Wand              |       |       |     2 ||     2
  Use: Potion            |     5 |     1 |     1 ||     7
       Scroll            |     5 |     6 |     3 ||    14
Armor: Robe              |    17 |    16 |     4 ||    37
Dodge: Dodged            |    30 |    19 |    17 ||    66

Table legend: (Time is in decaauts)
 A = Elapsed time spent in this place.
 B = Non-inter-level travel time spent in this place.
 C = Inter-level travel time spent in this place.
 D = Time resting spent in this place.
 E = Time spent auto-exploring this place.
 F = Levels seen in this place.
 G = Mean time per level.
                   A        B        C        D        E       F      G
               +--------+--------+--------+--------+--------+-----+--------+
         Total |   4195 |   4100 |     95 |      1 |   3438 |   5 |  839.0 |
       Dungeon |   4195 |   4100 |     95 |      1 |   3438 |   5 |  839.0 |
               +--------+--------+--------+--------+--------+-----+--------+

Top non-repeatable levels by time:
     D:3: 1192 daAuts
     D:5: 835 daAuts
     D:1: 781 daAuts
     D:4: 716 daAuts
     D:2: 670 daAuts
